NCAA
TENNESSEE VOLUNTEERS @ WASHINGTON STATE COUGARS
04/06/2029
 
TOP OF THE 1ST
Tennessee Volunteers batting - Pitching for Washington State Cougars : RHP Ron Durkin
Pitching: RHP Ron Durkin
Batting: RHB Chris Harper 0-0: Swinging Strike
0-1: SINGLE (Groundball, 56D)
Batting: RHB Lorne McClain 0-0: Called Strike
Chris Harper steals 2nd base
0-1: Swinging Strike
0-2: Strikes out swinging
Batting: LHB Alfredo Cantú 0-0: Ball
1-0: Called Strike
1-1: Foul Ball, location: 2F
1-2: Ball
2-2: Foul Ball, location: 2F
2-2: DOUBLE (Flyball, 9LD)
Chris Harper scores
Batting: LHB Tom McTier 0-0: Swinging Strike
0-1: Foul Ball, location: 2F
0-2: Strikes out looking
Batting: SHB Jared Calhoun 0-0: Swinging Strike
0-1: Ball
1-1: Called Strike
1-2: Ball
2-2: Strikes out swinging
Top of the 1st over - 1 run, 2 hits, 0 errors, 1 left on base; Tennessee 1 - Washington State 0
BOTTOM OF THE 1ST
Washington State Cougars batting - Pitching for Tennessee Volunteers : RHP Mario Morán
Pitching: RHP Mario Morán
Batting: RHB Merlin Dobbin 0-0: Foul Ball, location: 2F
0-1: Foul Ball, location: 2F
0-2: Foul Ball, location: 2F
0-2: Ball
1-2: Foul Ball, location: 2F
1-2: Foul Ball, location: 2F
1-2: Strikes out swinging
Batting: SHB Jeff Page 0-0: Ball
1-0: Ball
2-0: DOUBLE (Line Drive, 9LM)
Batting: RHB Jesse Pérez 0-0: Swinging Strike
0-1: Called Strike
0-2: Fly out, F3 (Popup, 3S)
Batting: RHB Millard Cummings 0-0: Called Strike
0-1: Called Strike
0-2: Ground out 6-3 (Groundball, 6M)
Bottom of the 1st over - 0 runs, 1 hit, 0 errors, 1 left on base; Tennessee 1 - Washington State 0
TOP OF THE 2ND
Tennessee Volunteers batting - Pitching for Washington State Cougars : RHP Ron Durkin
Batting: LHB Carl Coffman 0-0: Ball
1-0: Ball
2-0: Ball
3-0: Base on Balls
Batting: RHB Rodney Walker 0-0: Ball
1-0: Foul Ball, location: 2F
1-1: Ball
2-1: Foul Ball, location: 2F
2-2: Strikes out swinging
Batting: RHB Greg Carter 0-0: Ball
1-0: SINGLE (Groundball, 56D)
Carl Coffman to second
Batting: RHB John Pickup 0-0: Called Strike
0-1: Ball
1-1: SINGLE (Flyball, 56D)
Carl Coffman to third
Greg Carter to second
Batting: RHB Chris Harper 0-0: Called Strike
0-1: Called Strike
0-2: Strikes out swinging
Batting: RHB Lorne McClain 0-0: Called Strike
0-1: Swinging Strike
0-2: Strikes out swinging
Top of the 2nd over - 0 runs, 2 hits, 0 errors, 3 left on base; Tennessee 1 - Washington State 0
BOTTOM OF THE 2ND
Washington State Cougars batting - Pitching for Tennessee Volunteers : RHP Mario Morán
Batting: RHB Ian Hill 0-0: Swinging Strike
0-1: Swinging Strike
0-2: Foul Ball, location: 2F
0-2: Strikes out looking
Batting: LHB Sergio Molina 0-0: Ball
1-0: Ground out 3-1 (Groundball, 34)
Batting: RHB Walt Hamilton 0-0: SINGLE (Groundball, 6MD)
Batting: LHB Jorge Ramírez 0-0: Called Strike
0-1: Ball
1-1: Ball
2-1: Fly out, F7 (Flyball, 7LMF)
Bottom of the 2nd over - 0 runs, 1 hit, 0 errors, 1 left on base; Tennessee 1 - Washington State 0
TOP OF THE 3RD
Tennessee Volunteers batting - Pitching for Washington State Cougars : RHP Ron Durkin
Batting: LHB Alfredo Cantú 0-0: Called Strike
0-1: Ball
1-1: Ball
2-1: Ball
3-1: Foul Ball, location: 2F
3-2: Base on Balls
Batting: LHB Tom McTier 0-0: Ball
1-0: Called Strike
1-1: 2-RUN HOME RUN (Flyball, 9LD), Distance : 328 ft
Batting: SHB Jared Calhoun 0-0: Foul Ball, location: 2F
0-1: Ball
1-1: Called Strike
1-2: Ball
2-2: Ball
3-2: Base on Balls
Batting: LHB Carl Coffman 0-0: Called Strike
0-1: Ball
1-1: Ball
2-1: Swinging Strike
2-2: Ball
3-2: Strikes out swinging
Batting: RHB Rodney Walker 0-0: Fly out, F4 (Popup, 3D)
Batting: RHB Greg Carter 0-0: Called Strike
0-1: Foul Ball, location: 2F
0-2: Strikes out swinging
Top of the 3rd over - 2 runs, 1 hit, 0 errors, 1 left on base; Tennessee 3 - Washington State 0
BOTTOM OF THE 3RD
Washington State Cougars batting - Pitching for Tennessee Volunteers : RHP Mario Morán
Batting: RHB Julius Bell 0-0: Ball
1-0: Ball
2-0: Called Strike
2-1: SINGLE (Flyball, 8RM)
Batting: RHB Merlin Dobbin 0-0: Ball
Julius Bell is caught stealing 2nd base
1-0: Foul Ball, location: 2F
1-1: Ground out 5-3 (Groundball, 56S)
Batting: SHB Jeff Page 0-0: Ball
1-0: Called Strike
1-1: Fly out, F9 (Flyball, 9LD)
Bottom of the 3rd over - 0 runs, 1 hit, 0 errors, 0 left on base; Tennessee 3 - Washington State 0
TOP OF THE 4TH
Tennessee Volunteers batting - Pitching for Washington State Cougars : RHP Ron Durkin
Batting: RHB John Pickup 0-0: SINGLE (Line Drive, 7S)
Batting: RHB Chris Harper 0-0: Foul Ball, location: 2F
0-1: Called Strike
0-2: Ball
1-2: Ball
2-2: Foul Ball, location: 2F
2-2: Strikes out swinging
Batting: RHB Lorne McClain 0-0: SINGLE (Line Drive, 4D)
John Pickup to second
Batting: LHB Alfredo Cantú 0-0: Ball
1-0: Ball
2-0: Ball
3-0: Called Strike
3-1: Called Strike
3-2: Foul Ball, location: 2F
3-2: Foul Ball, location: 2F
3-2: SINGLE (Line Drive, 8LS)
John Pickup to third
Lorne McClain to second
Pitching: RHP Wilford Hodge
Batting: LHB Tom McTier 0-0: Ball
1-0: Ball
2-0: Ball
3-0: Base on Balls
John Pickup scores
Lorne McClain to third
Alfredo Cantú to second
Batting: SHB Jared Calhoun 0-0: Ball
1-0: Ball
2-0: Ball
3-0: Called Strike
3-1: Grounds into double play, 4-6-3 (Groundball, 4)
Top of the 4th over - 1 run, 3 hits, 0 errors, 2 left on base; Tennessee 4 - Washington State 0
BOTTOM OF THE 4TH
Washington State Cougars batting - Pitching for Tennessee Volunteers : RHP Mario Morán
Batting: RHB Jesse Pérez 0-0: Swinging Strike
0-1: Called Strike
0-2: Strikes out looking
Batting: RHB Millard Cummings 0-0: Called Strike
0-1: Ball
1-1: Fly out, F4 (Popup, 34S)
Batting: RHB Ian Hill 0-0: Called Strike
0-1: Fly out, F9 (Line Drive, 9S)
Bottom of the 4th over - 0 runs, 0 hits, 0 errors, 0 left on base; Tennessee 4 - Washington State 0
TOP OF THE 5TH
Tennessee Volunteers batting - Pitching for Washington State Cougars : RHP Wilford Hodge
Batting: LHB Carl Coffman 0-0: Called Strike
0-1: Ball
1-1: Foul Ball, location: 2F
1-2: Strikes out swinging
Batting: RHB Rodney Walker 0-0: Swinging Strike
0-1: Ball
1-1: Ball
2-1: Fly out, F8 (Flyball, 8LD)
Batting: RHB Greg Carter 0-0: Ball
1-0: Ball
2-0: Called Strike
2-1: Foul Ball, location: 2F
2-2: Ball
3-2: Base on Balls
Batting: RHB John Pickup 0-0: Ball
1-0: Called Strike
1-1: Fly out, F9 (Flyball, 9)
Top of the 5th over - 0 runs, 0 hits, 0 errors, 1 left on base; Tennessee 4 - Washington State 0
BOTTOM OF THE 5TH
Washington State Cougars batting - Pitching for Tennessee Volunteers : RHP Mario Morán
Batting: LHB Sergio Molina 0-0: Swinging Strike
0-1: Called Strike
0-2: Foul Ball, location: 2F
0-2: Fly out, F8 (Flyball, 8RM)
Batting: RHB Walt Hamilton 0-0: Called Strike
0-1: Swinging Strike
0-2: Foul Ball, location: 2F
0-2: Ground out U3 (Groundball, 3)
Batting: LHB Jorge Ramírez 0-0: Ball
1-0: Ball
2-0: Fly out, F9 (Flyball, 9LM)
Bottom of the 5th over - 0 runs, 0 hits, 0 errors, 0 left on base; Tennessee 4 - Washington State 0
TOP OF THE 6TH
Tennessee Volunteers batting - Pitching for Washington State Cougars : RHP Wilford Hodge
Batting: RHB Chris Harper 0-0: Called Strike
0-1: Ball
1-1: Ball
2-1: Ball
3-1: Base on Balls
Batting: RHB Lorne McClain 0-0: Foul Ball, location: 2F
0-1: Fielders Choice at 2nd, 4-6 (Groundball, 34)
Batting: LHB Alfredo Cantú 0-0: SINGLE (Flyball, 7LS)
Lorne McClain to second
Batting: LHB Tom McTier 0-0: Called Strike
0-1: 3-RUN HOME RUN (Flyball, 9D), Distance : 360 ft
Batting: SHB Jared Calhoun 0-0: Ball
1-0: Foul Ball, location: 2F
1-1: Ball
2-1: Called Strike
2-2: Reached on error, E4 (Groundball, 4)
Batting: LHB Carl Coffman 0-0: Swinging Strike
0-1: Fly out, F7 (Flyball, 7LDF)
Batting: RHB Rodney Walker 0-0: Ball
1-0: SINGLE (Line Drive, 8LS)
Jared Calhoun to second
Batting: RHB Greg Carter 0-0: Called Strike
0-1: Ball
1-1: Foul Ball, location: 2F
1-2: DOUBLE (Line Drive, 7LD)
Jared Calhoun scores
Rodney Walker to third
Runner from 3rd tries for Home, SAFE, no throw
Batting: RHB John Pickup 0-0: Ball
1-0: Called Strike
1-1: Swinging Strike
1-2: SINGLE (Line Drive, 9S)
Greg Carter to third
Batting: RHB Chris Harper 0-0: Fly out, F3 (Popup, 23)
Top of the 6th over - 5 runs, 5 hits, 1 error, 2 left on base; Tennessee 9 - Washington State 0
BOTTOM OF THE 6TH
Washington State Cougars batting - Pitching for Tennessee Volunteers : RHP Mario Morán
Batting: RHB Julius Bell 0-0: Ball
1-0: Swinging Strike
1-1: Foul Ball, location: 2F
1-2: Strikes out looking
Batting: RHB Merlin Dobbin 0-0: Called Strike
0-1: Ball
1-1: Swinging Strike
1-2: Ball
2-2: Foul Ball, location: 2F
2-2: Foul Ball, location: 2F
2-2: Strikes out looking
Batting: SHB Jeff Page 0-0: Foul Ball, location: 2F
0-1: Foul Ball, location: 2F
0-2: Ball
1-2: Foul Ball, location: 2F
1-2: Strikes out swinging
Bottom of the 6th over - 0 runs, 0 hits, 0 errors, 0 left on base; Tennessee 9 - Washington State 0
TOP OF THE 7TH
Tennessee Volunteers batting - Pitching for Washington State Cougars : RHP Wilford Hodge
Batting: RHB Lorne McClain 0-0: Ball
1-0: Fly out, F5 (Popup, 15S)
Batting: LHB Alfredo Cantú 0-0: Called Strike
0-1: Swinging Strike
0-2: Ball
1-2: Ground out 5-3 (Groundball, 5L)
Batting: LHB Tom McTier 0-0: Ball
1-0: Called Strike
1-1: Called Strike
1-2: Ball
2-2: Ball
3-2: Base on Balls
Batting: SHB Jared Calhoun 0-0: Ball
1-0: Ball
Tom McTier is caught stealing 2nd base
Top of the 7th over - 0 runs, 0 hits, 0 errors, 0 left on base; Tennessee 9 - Washington State 0
BOTTOM OF THE 7TH
Washington State Cougars batting - Pitching for Tennessee Volunteers : RHP Mario Morán
Batting: RHB Jesse Pérez 0-0: Foul Ball, location: 2F
0-1: Ball
1-1: Ball
2-1: Called Strike
2-2: Foul Ball, location: 2F
2-2: Strikes out swinging
Batting: RHB Millard Cummings 0-0: Called Strike
0-1: Ball
1-1: Foul Ball, location: 2F
1-2: Fly out, F9 (Flyball, 89D)
Batting: RHB Ian Hill 0-0: Ball
1-0: Fly out, F7 (Flyball, 7S)
Bottom of the 7th over - 0 runs, 0 hits, 0 errors, 0 left on base; Tennessee 9 - Washington State 0
TOP OF THE 8TH
Tennessee Volunteers batting - Pitching for Washington State Cougars : RHP Wilford Hodge
Pitching: RHP Justin Delorme
Batting: SHB Jared Calhoun 0-0: Ground out 4-3 (Groundball, 4)
Batting: LHB Carl Coffman 0-0: Swinging Strike
0-1: SOLO HOME RUN (Flyball, 9LD), Distance : 338 ft
Batting: RHB Rodney Walker 0-0: Ball
1-0: Ball
2-0: Foul Ball, location: 2F
2-1: Fly out, F7 (Flyball, 78D)
Batting: RHB Greg Carter 0-0: Called Strike
0-1: Ball
1-1: DOUBLE (Flyball, 7LD)
Batting: RHB John Pickup 0-0: Foul Ball, location: 2F
0-1: Ball
1-1: Swinging Strike
1-2: SINGLE (Groundball, 34D)
Greg Carter to third
Runner from 3rd tries for Home, throw and OUT!
Top of the 8th over - 1 run, 3 hits, 0 errors, 1 left on base; Tennessee 10 - Washington State 0
BOTTOM OF THE 8TH
Washington State Cougars batting - Pitching for Tennessee Volunteers : RHP Mario Morán
Pitching: RHP Bob Bowman
Batting: LHB Sergio Molina 0-0: Called Strike
0-1: Ball
1-1: Ball
2-1: Ball
3-1: Base on Balls
Batting: RHB Walt Hamilton 0-0: Ball
1-0: Foul Ball, location: 2F
1-1: Ball
2-1: Fly out, F7 (Flyball, 7)
Batting: LHB Jorge Ramírez 0-0: Swinging Strike
0-1: Ground out 5-3 (Groundball, 56S)
Sergio Molina to second
Batting: RHB Julius Bell 0-0: Called Strike
0-1: Ground out 5-3 (Groundball, 5)
Bottom of the 8th over - 0 runs, 0 hits, 0 errors, 1 left on base; Tennessee 10 - Washington State 0
TOP OF THE 9TH
Tennessee Volunteers batting - Pitching for Washington State Cougars : RHP Justin Delorme
Batting: RHB Chris Harper 0-0: Ball
1-0: Ball
2-0: Swinging Strike
2-1: Foul Ball, location: 2F
2-2: Fly out, F7 (Flyball, 7LMF)
Batting: RHB Lorne McClain 0-0: Called Strike
0-1: Swinging Strike
0-2: Foul Ball, location: 2F
0-2: Strikes out looking
Pitching: RHP Travis Farmer
Batting: LHB Alfredo Cantú 0-0: Ball
1-0: Foul Ball, location: 2F
1-1: Ground out 4-3 (Groundball, 4)
Top of the 9th over - 0 runs, 0 hits, 0 errors, 0 left on base; Tennessee 10 - Washington State 0
BOTTOM OF THE 9TH
Washington State Cougars batting - Pitching for Tennessee Volunteers : RHP Bob Bowman
Batting: RHB Merlin Dobbin 0-0: Fly out, F8 (Flyball, 78D)
Batting: SHB Jeff Page 0-0: Fly out, F9 (Line Drive, 9D)
Batting: RHB Jesse Pérez 0-0: Foul Ball, location: 2F
0-1: Hit by Pitch
Batting: RHB Millard Cummings 0-0: Ball
1-0: Called Strike
1-1: Foul Ball, location: 2F
1-2: Strikes out looking
Bottom of the 9th over - 0 runs, 0 hits, 0 errors, 1 left on base; Tennessee 10 - Washington State 0
Saturday, December 16th, 2017 - OOTP Baseball 18.8 Build 76